[Event "Team 45 45 League T62"]
[Site "Internet Chess Club"]
[Date "2014.09.14"]
[Round "3"]
[White "PostMike"]
[Black "SilentKnight"]
[Result "1/2-1/2"]
[WhiteElo "1461"]
[BlackElo "1607"]
[Opening "Caro-Kann: Steinitz variation"]
[ECO "B17"]
[Time "16:04:25"]
[TimeControl "2700+45"]

1. e4 c6 2. d4 d5 3. Nd2 dxe4 4. Nxe4 Nd7 5. Nf3 Ngf6 6. Ng3 c5 7. Bd3 e6 8. O-O
cxd4 9. Nxd4 Bc5 10. Nb3 Be7 11. Re1 O-O 12. Bg5 a5 13. Nd2 Nb6 14. Nde4 Nbd5
15. a3 Qb6 16. c4 Nxe4 17. Nxe4 Bxg5 18. Nxg5 Nf6 19. Qc2 h6 20. Nh7 Nxh7 21.
Bxh7+ Kh8 22. Be4 Bd7 23. c5 Qc7 24. b4 Bc6 25. Bd3 Rfc8 26. Rac1 axb4 27. axb4
Bd5 28. Be4 Ra2 29. Qd3 Qf4 30. f3 Rd2 31. Qe3 Qxe3+ 32. Rxe3 Rb2 33. Rb1 Rxb1+
34. Bxb1 b6 35. Rc3 Kg8 36. Kf2 Kf8 37. Ke3 bxc5 38. Rxc5 Rxc5 39. bxc5 e5 40.
Be4 Bc4 41. c6 Ke7 42. f4 f6 43. fxe5 fxe5 44. Kf3 Kd6 45. Kg4 Be2+ 46. Kf5 Bb5
47. c7 Kxc7 48. Kxe5 Bd7 49. Bg6 Kc6 50. Bf7 Kc5 51. h4 Bc6 52. g3 Bd7 53. Bg6
Bb5 54. g4 Be2 55. g5 hxg5 56. hxg5 Bc4 57. Be4 Bf7 58. Bf5 Bh5 59. Ke6 Kd4 60.
g6 Ke3 61. Kf7 Bxg6+ {Game drawn by mutual agreement} 1/2-1/2

[Event "Team 45 45 League T62"]
[Site "Internet Chess Club"]
[Date "2014.09.11"]
[Round "3"]
[White "jjaillet2007"]
[Black "Aquaman"]
[Result "0-1"]
[WhiteElo "1268"]
[BlackElo "1372"]
[Opening "Kevitz-Trajkovich defense"]
[ECO "A50"]
[Time "15:00:10"]
[TimeControl "2700+45"]

1. d4 Nf6 2. c4 Nc6 3. Nc3 e5 4. Nf3 exd4 5. Nxd4 Nxd4 6. Qxd4 d6 7. e4 Be7 8.
Bd3 c5 9. Qe3 O-O 10. O-O Re8 11. b3 Ng4 12. Qe2 Bf6 13. Bb2 Be5 14. h3 Nf6 15.
Rad1 Bd4 16. Nb5 Bxb2 17. Qc2 a6 18. e5 Bxe5 19. Nc3 Bxc3 20. Qxc3 Nh5 21. Bc2
Nf4 22. Qf3 Ne2+ 23. Kh1 Nd4 24. Qd3 Nxc2 25. Qxc2 Qf6 26. Rd5 Re5 27. f4 Rxd5
28. cxd5 Bf5 29. Qe2 Bd7 30. g4 Bb5 {White resigns} 0-1

[Event "Team 45 45 League T62"]
[Site "Internet Chess Club"]
[Date "2014.09.13"]
[Round "3"]
[White "lemorgado"]
[Black "Greedy-Reedy"]
[Result "0-1"]
[WhiteElo "1951"]
[BlackElo "1974"]
[Opening "Queen's pawn game"]
[ECO "A45"]
[Time "07:06:24"]
[TimeControl "2700+45"]

1. d4 Nf6 2. e3 g6 3. f4 Bg7 4. Nf3 O-O 5. Bd3 d6 6. O-O c5 7. c3 Nbd7 8. e4 Qb6
9. Qe2 cxd4 10. cxd4 e5 11. fxe5 dxe5 12. Qf2 exd4 13. h3 Nc5 14. Qc2 Nxd3 15.
Qxd3 Bd7 16. Na3 Bc6 17. Nc4 Qc5 18. Ncd2 Bb5 {White resigns} 0-1

[Event "Team 45 45 League T62"]
[Site "Internet Chess Club"]
[Date "2014.09.13"]
[Round "3"]
[White "IshanR"]
[Black "chess09"]
[Result "0-1"]
[WhiteElo "1869"]
[BlackElo "1935"]
[Opening "QGD Slav: Wiesbaden variation"]
[ECO "D17"]
[Time "22:07:51"]
[TimeControl "2700+45"]

1. d4 d5 2. c4 c6 3. Nf3 Nf6 4. Nc3 dxc4 5. a4 Bf5 6. Ne5 e6 7. f3 Bb4 8. e4 Bg6
9. Bxc4 O-O 10. O-O Nbd7 11. Bg5 Qa5 12. Nxg6 hxg6 13. Qd2 Nb6 14. Bb3 Nh7 15.
Be3 Rfd8 16. Rfd1 Rd7 17. Qc2 Rad8 18. Ne2 Nf6 19. Rd3 e5 20. Rad1 exd4 21. Bxd4
c5 22. Bxf6 gxf6 23. e5 c4 24. Rxd7 Qc5+ 25. Kf1 Rxd7 26. Rxd7 Nxd7 27. Qxc4
Qxc4 28. Bxc4 fxe5 29. Nc3 Bxc3 30. bxc3 Kf8 31. Kf2 Ke7 32. Ke3 f5 33. h4 Nc5
34. a5 f4+ 35. Kd2 Kf6 36. Bd5 Kg7 37. Ke2 Kh6 38. Be4 Nxe4 39. fxe4 Kh5 40. c4
Kxh4 41. c5 a6 {White resigns} 0-1

[Event "Team 45 45 League T62"]
[Site "Internet Chess Club"]
[Date "2014.09.13"]
[Round "3"]
[White "cityprosecutor"]
[Black "pishd"]
[Result "1-0"]
[WhiteElo "1767"]
[BlackElo "1725"]
[Opening "French: King's Indian attack"]
[ECO "C00"]
[Time "07:10:21"]
[TimeControl "2700+45"]

1. e4 e6 2. d3 c5 3. g3 Nc6 4. Bg2 Nf6 5. f4 Be7 6. Nf3 O-O 7. O-O d5 8. Nbd2 b5
9. c3 a5 10. Qe2 Ba6 11. Ne5 Bb7 12. Ndf3 Qc7 13. f5 dxe4 14. dxe4 c4 15. Nxc6
Bxc6 16. Bf4 Qb6+ 17. Be3 Bc5 18. Nd4 Bxe4 19. fxe6 fxe6 20. Rxf6 Bd3 21. Rxf8+
Rxf8 22. Qh5 Qd6 23. Kh1 g6 24. Qg4 Bxd4 25. Bxd4 e5 26. Be3 b4 27. cxb4 axb4
28. Rc1 Rd8 29. Bf3 Qd7 30. Qxd7 Rxd7 31. Bc5 e4 32. Bg4 Rc7 33. Bxb4 Rb7 34. a3
e3 35. Re1 {Black forfeits on time} 1-0

[Event "Team 45 45 League T62"]
[Site "Internet Chess Club"]
[Date "2014.09.11"]
[Round "3"]
[White "losscause"]
[Black "timothysmall56"]
[Result "1/2-1/2"]
[WhiteElo "1647"]
[BlackElo "1707"]
[Opening "Queen's pawn game"]
[ECO "A46"]
[Time "21:00:51"]
[TimeControl "2700+45"]

1. d4 Nf6 2. Nf3 e6 3. Bf4 d5 4. Nbd2 c5 5. c3 cxd4 6. cxd4 Qb6 7. Qb3 Bb4 8.
Be5 Nbd7 9. a3 Bxd2+ 10. Nxd2 Qxb3 11. Nxb3 Nxe5 12. dxe5 Ng4 13. Rc1 Nxe5 14.
e3 O-O 15. Bb5 a6 16. Be2 Bd7 17. Kd2 Rfc8 18. f4 Nc4+ 19. Bxc4 dxc4 20. Nd4 f6
21. Ne2 Bc6 22. Rxc4 Bxg2 23. Rxc8+ Rxc8 24. Rg1 Be4 25. Rc1 Rd8+ 26. Ke1 Rd3
27. Rc3 Kf7 28. Rxd3 Bxd3 29. Ng3 g6 30. Kd2 Bb5 31. Ne4 Bc6 32. Nf2 f5 33. h4
Kf6 34. Kc3 Ke7 35. Kd4 Kd6 36. Nd3 {Game drawn by mutual agreement} 1/2-1/2

[Event "Team 45 45 League T62"]
[Site "Internet Chess Club"]
[Date "2014.09.15"]
[Round "3"]
[White "Kali-Linux"]
[Black "Shanghaied"]
[Result "0-1"]
[WhiteElo "1935"]
[BlackElo "1896"]
[Opening "Sicilian: dragon, Yugoslav attack"]
[ECO "B75"]
[Time "20:00:25"]
[TimeControl "2700+45"]

1. e4 c5 2. Nf3 d6 3. d4 cxd4 4. Nxd4 Nf6 5. Nc3 g6 6. Be3 Bg7 7. f3 a6 8. Qd2
Nbd7 9. O-O-O b5 10. g4 Bb7 11. h4 h5 12. g5 Nh7 13. f4 Nc5 14. Bg2 b4 15. Nd5
e6 16. Nxb4 Nxe4 17. Bxe4 Bxe4 18. Rhe1 a5 19. Nd3 O-O 20. Nf2 Bg2 21. Rg1 Bd5
22. Kb1 Qb8 23. Nd3 Rc8 24. c3 Nf8 25. Ka1 Nd7 26. Nc2 Qb7 27. Bd4 Rab8 28. Bxg7
Kxg7 29. Ne3 Bf3 30. Rc1 a4 31. Nb4 Qb6 32. Rgf1 Be4 33. Rfd1 d5 34. Qd4+ Qxd4
35. Rxd4 Nc5 36. Rf1 a3 37. b3 Nxb3+ 38. axb3 Rxc3 39. Nexd5 exd5 40. Nxd5 Bxd5
41. Rxd5 Rcxb3 42. Ra5 Rh3 43. f5 Rxh4 44. f6+ Kg8 45. Rxa3 Rh2 46. Ra5 Rg2 47.
Re1 h4 48. Re4 h3 49. Rh4 h2 {White resigns} 0-1

[Event "Team 45 45 League T62"]
[Site "Internet Chess Club"]
[Date "2014.09.17"]
[Round "3"]
[White "Bleddyn"]
[Black "Nathan-L"]
[Result "1/2-1/2"]
[WhiteElo "1694"]
[BlackElo "1842"]
[Opening "Catalan: closed"]
[ECO "E01"]
[Time "20:10:40"]
[TimeControl "2700+45"]

1. c4 Nf6 2. g3 e6 3. Bg2 d5 4. d4 c5 5. cxd5 Nxd5 6. Nf3 Nc6 7. O-O Be7 8. Nc3
O-O 9. e4 Nf6 10. dxc5 Bxc5 11. e5 Nd7 12. Ne4 Be7 13. Bf4 Qa5 14. Nd6 Ndxe5 15.
Nxe5 Nxe5 16. Nxc8 Raxc8 17. Bxb7 Rb8 18. Bxe5 Qxe5 19. Qd7 Bf6 20. b3 Rfd8 21.
Qc6 Qd5 22. Rad1 Qxc6 23. Bxc6 Kf8 24. Rxd8+ Rxd8 25. Bb5 Rd2 26. a4 Bd4 27. Kg2
Ke7 28. Kf3 e5 29. g4 g6 30. Kg3 f5 31. gxf5 gxf5 32. f4 exf4+ 33. Kxf4 Kf6 34.
h3 {Game drawn by mutual agreement} 1/2-1/2

[Event "Team 45 45 League T62"]
[Site "Internet Chess Club"]
[Date "2014.09.15"]
[Round "3"]
[White "Zugzwanged"]
[Black "elmaestro"]
[Result "0-1"]
[WhiteElo "1690"]
[BlackElo "1756"]
[Opening "Sicilian: closed"]
[ECO "B23"]
[Time "13:30:59"]
[TimeControl "2700+45"]

1. e4 c5 2. Nc3 d6 3. f4 Nc6 4. Nf3 g6 5. Bb5 Bd7 6. O-O Bg7 7. d3 a6 8. Bxc6
bxc6 9. Qe1 e6 10. e5 d5 11. b3 Ne7 12. Na4 c4 13. bxc4 dxc4 14. dxc4 O-O 15.
Ba3 Re8 16. Rd1 Qc7 17. Nc5 Bc8 18. Ne4 Nf5 19. Nf6+ Bxf6 20. exf6 Qxf4 21. Ne5
Qe3+ 22. Qxe3 Nxe3 23. Nxc6 Nxf1 24. Kxf1 Bb7 25. Ne7+ Kh8 26. Rd7 Be4 27. c5
Red8 28. Rxd8+ Rxd8 29. c6 Rd4 30. c7 Bb7 31. c8=R+ Bxc8 32. Nxc8 Rc4 33. Ne7
Rxc2 34. Bd6 Rxa2 35. Bf4 h5 36. h4 Rc2 37. Be5 a5 38. Nxg6+ Kg8 39. Nf4 a4 40.
Nxh5 Rc5 41. Bd4 Rxh5 42. g3 Kh7 43. Ke2 Kg6 44. Kd3 Rb5 45. g4 e5 46. Be3 Rb3+
{White forfeits on time} 0-1